 Dungeon Crawl Stone Soup version 0.30.1-4-g462c640d31 (webtiles) character file.

Game seed: 17081294580632618587

400 Kurtz the Cudgeller (level 6, 0/37 HPs)
             Began as a Tengu Fighter on Sept 15, 2023.
             Engulfed by a cloud of poison gas (6 damage)
             ... on level 4 of the Dungeon.
             The game lasted 00:03:01 (3175 turns).

Kurtz the Cudgeller (Tengu Fighter)                 Turns: 3175, Time: 00:03:02

Health: 0/37       AC:  7    Str: 18    XL:     6   Next: 84%
Magic:  7/7        EV: 11    Int:  8    God:
Gold:   147        SH:  5    Dex: 14    Spells: 5/5 levels left

rFire   . . .        d - +6 shillelagh "Devastator" {shatter}
rCold   . . .        c - +0 buckler
rNeg    . . .        b - +0 scale mail
rPois   .            A - +0 hat
rElec   .            (no cloak)
rCorr   .            (no gloves)
SInv    .            (boots unavailable)
Will    .....        (no amulet) Stlth
                     (no ring)
HPRegen 0.26/turn    (no ring)
MPRegen 0.10/turn

%: no passive effects
@: lethally poisoned (0 -> -49), flying quickly and evasively, quick
A: beak, talons 3, nimble flight
a: no special abilities


You were on level 4 of the Dungeon.
You visited 1 branch of the dungeon, and saw 4 of its levels.

You collected 173 gold pieces.
You spent 26 gold pieces at shops.

Inventory:

Hand Weapons
 a - a +0 war axe
 d - the +6 shillelagh "Devastator" (weapon) {shatter}
   (You found it on level 4 of the Dungeon)
Missiles
 n - 12 boomerangs (quivered)
 t - 6 poisoned darts
Armour
 b - a +0 scale mail (worn)
 c - a +0 buckler (worn)
 A - a +0 hat (worn)
Jewellery
 w - a ring of see invisible
Wands
 y - a wand of mindburst (10)
Scrolls
 f - 10 scrolls of identify
 j - a scroll of teleportation {unknown}
 m - a scroll of magic mapping {unknown}
 o - a scroll of blinking {unknown}
 r - a scroll of noise {unknown}
 s - 2 scrolls of immolation {unknown}
 u - a scroll of poison {unknown}
 v - a scroll of enchant armour {unknown}
 B - 2 scrolls of vulnerability {unknown}
Potions
 e - a potion of lignification {unknown}
 g - a potion of heal wounds {unknown}
 h - a potion of attraction {unknown}
 i - a potion of brilliance {unknown}
 k - a potion of magic {unknown}
 l - 2 potions of flight {unknown}
 p - 2 potions of resistance
 q - a potion of degeneration {unknown}
 x - a potion of cancellation {unknown}
 z - a potion of might
 C - 2 potions of mutation {unknown}


   Skills:
 - Level 3.5 Fighting
 - Level 3.0(4.9) Axes
 * Level 6.0(6.4) Maces & Flails
 - Level 4.0 Armour
 - Level 1.0 Dodging
 - Level 3.0 Shields


You had 5 spell levels left.
You didn't know any spells.
Your spell library contained the following spells:

 Spells                   Type           Power      Damage    Failure   Level
 Magic Dart               Conj           0%         1d3       86%         1
 Necrotise                Necr           0%         1d4       86%         1
 Searing Ray              Conj           0%         2d4       95%         2
 Vampiric Draining        Necr           0%         2d6       99%         3
 Fulminant Prism          Conj/Hex       0%         3d5       100%        4
 Agony                    Necr           0%         N/A       100%        5


Dungeon Overview and Level Annotations

Branches:
Dungeon (4/15)
 Temple: D:4-7

Altars:
Ru

Shops:
D:2 ?   D:3 [

Annotations:
D:4 1 transporter


Innate Abilities, Weirdness & Mutations

You have a beak for a mouth.
You have claws for feet.
Your magical nature lets you fly swiftly and evasively.


Message History

Found a leather armour.
No target in view!
You see here a +0 leather armour.
Found a sacrificial altar of Ru.
No target in view!
Partly explored, unvisited transporter.
Partly explored, unvisited transporter.
You see here 6 stones.
Found a potion of resistance.
You see here a +0 spear.
There is a transporter here.
You enter the transporter and appear at another place.
p - 2 potions of resistance (gained 1)
You reach down and open the gate.
The gnoll sergeant zombie hits you from afar with a +0 spear of venom.
You are poisoned.
There is an open gate here.
You hit the orc warrior zombie.
The orc warrior zombie shudders.
The orc warrior zombie is moderately damaged.
Your kick misses the orc warrior zombie.
Your peck misses the orc warrior zombie.
The orc warrior zombie is moderately damaged.
You feel very sick. The orc warrior zombie misses you.
You sock the orc warrior zombie!
The orc warrior zombie and the gnoll sergeant zombie shudder.
You destroy the orc warrior zombie!
The gnoll sergeant zombie is heavily damaged.
You are engulfed in poison gas.
You are more poisoned.
You feel very sick.
The gnoll sergeant zombie closely misses you. x2
Okay, then.
Okay, then.
You are engulfed in poison gas.
You are lethally poisoned!
* * * LOW HITPOINT WARNING * * *
You feel extremely sick.
You are engulfed in poison gas.
You are more poisoned.
You die...

#.# #☼.○☼°°○#### #.#
#°○☼°☼°°# #.#
#☼☼#©#°☼# #.#
#☼○...☼☼# #.#
#○°#.#○☼# ##.##
#°○...○.#
######...######°☼○####
.<.........#°○○°°°Z○.#
###.##...###☼○○○@°Z°○#
#.###.## #○☼....○°☼#
#.# #.# #☼°○$$$°○○#
###.# #.# #°○☼?©/☼°°#
....# #.##############
##### #.##...##.©.##.#
#.#.###.....##.# #.#.#
#....###.#
#.#.###>#### #.#


You could see 2 gnoll sergeant zombies.

Vanquished Creatures
  Grinder (D:3)
  A hound (D:4)
  A jelly (D:4)
  Jessica (D:3)
  Ijyb (D:3)
  An orc zombie (D:4)
  4 adders
  A worm (D:4)
  A dart slug (D:2)
  An orc (D:4)
  4 bats
  6 endoplasms
  2 giant cockroaches
  8 goblins
  5 hobgoblins
  3 kobolds
  3 quokkas
  5 ball pythons
  3 frilled lizards
  A rat (D:1)
53 creatures vanquished.

Notes
Turn   | Place    | Note
-------+----------+-------------------------------------------
     0 | D:1      | Kurtz the Tengu Fighter began the quest for the Orb.
     0 | D:1      | Reached XP level 1. HP: 14/14 MP: 2/2
   133 | D:1      | Reached XP level 2. HP: 17/19 MP: 3/3
  1194 | D:2      | Found Cehiur's Magic Scroll Shoppe.
  1199 | D:2      | Bought a scroll of identify for 26 gold pieces
  1240 | D:2      | Reached XP level 3. HP: 23/23 MP: 4/4
  1307 | D:2      | You fall into a shaft and drop 2 floors!
  1315 | D:4      | Reached skill level 1 in Dodging
  1315 | D:4      | Reached XP level 4. HP: 3/28 MP: 5/5
  1432 | D:4      | Found the +6 shillelagh "Devastator" {shatter}
  1504 | D:4      | Reached skill level 1 in Maces & Flails
  1661 | D:3      | Noticed Jessica
  1665 | D:3      | Killed Jessica
  1666 | D:3      | Reached skill level 2 in Maces & Flails
  1716 | D:3      | Noticed Grinder
  1718 | D:3      | Gained mutation: Your magical nature lets you fly swiftly
                  | and evasively. [Tengu growth]
  1718 | D:3      | Reached XP level 5. HP: 32/32 MP: 6/6
  1754 | D:3      | Paralysed by Grinder for 2 turns
  1757 | D:3      | Killed Grinder
  1758 | D:3      | Reached skill level 5 in Maces & Flails
  1758 | D:3      | Reached XP level 6. HP: 33/37 MP: 7/7
  1807 | D:3      | Noticed Ijyb
  1815 | D:3      | Killed Ijyb
  2077 | D:3      | Found Mehil's Antique Armour Shoppe.
  2822 | D:4      | Found a transporter.
  2849 | D:4      | Reached skill level 6 in Maces & Flails
  3039 | D:4      | Found a transporter.
  3110 | D:4      | Found a sacrificial altar of Ru.
  3175 | D:4      | Engulfed by a cloud of poison gas

Illustrated notes

Levels and vault maps discovered:
D:1:      minmay_arrival_stone_box, layout_loops_ring
D:2:      cheibrodos_old_hovel, layout_loops_ring, serial_shops, shop,
          serial_forest, infiniplex_forest_straight_3,
          infiniplex_forest_lined_room_, infiniplex_forest_end_double,
          infiniplex_forest_end_3, infiniplex_forest_clump_tiny,
          infiniplex_forest_corner_1
D:3:      layout_basic, serial_shops, shop, uniq_jessica, uniq_ijyb,
          uniq_grinder
D:4:      gammafunk_cloud_chamber, layout_loops_ring, marbit_many_paths

Skill      XL: |  1  2  3  4  5  6 |
---------------+-------------------+-----
Axes           | 3 |  3.0
Armour         | 4 |  4.0
Dodging        | 1 |  1.0
Maces & Flails | 2 5 6 |  6.0
Fighting       | |  3.5
Shields        | |  3.0

Action                     |  1- 3 |  4- 6 || total
---------------------------+-------+-------++-------
  Melee: War axe           |    51 |     1 ||    52
         Kick              |    10 |    10 ||    20
         Peck              |     2 |     4 ||     6
         Shillelagh        |       |    46 ||    46
  Throw: Boomerang         |       |     2 ||     2
    Use: Potion            |     1 |       ||     1
 Armour: Scale mail        |    18 |     8 ||    26
  Dodge: Dodged            |    15 |    18 ||    33
  Block: Buckler           |    13 |     3 ||    16
